 Dungeon Crawl Stone Soup version 0.29.1-15-g9cfb28693d (webtiles) character file.

Game seed: 582585215681808687

32 hawla the Firebug (level 3, 0/26 HPs)
             Began as a Meteoran Fire Elementalist on Mar 21, 2023.
             Slain by an iguana (12 damage)
             ... on level 4 of the Dungeon.
             The game lasted 00:03:25 (289 turns).

hawla the Firebug (Meteoran Fire Elementalist)       Turns: 289, Time: 00:03:26

Health: 0/26       AC:  2    Str:  9    XL:     3   Next: 64%
Magic:  0/8        EV: 12    Int: 18    God:
Gold:   38         SH:  0    Dex: 15    Spells: 5/8 levels left

rFire   . . .      SeeInvis .   (no weapon)
rCold   . . .      Faith    .   (no shield)
rNeg    . . .      Spirit   .   a - +0 robe
rPois   .          Reflect  .   (no helmet)
rElec   .          Harm     .   (no cloak)
rCorr   .          Rampage  .   (no gloves)
Will    .....                   (no boots)
Stlth   +.........              (no amulet)
HPRegen 0.08/turn               (no ring)
MPRegen 0.11/turn               (no ring)

@: glowing
A: sense surroundings 1, otherworldly, glowing, explore regen
a: no special abilities


You were on level 4 of the Dungeon.
You visited 1 branch of the dungeon, and saw 4 of its levels.

You collected 38 gold pieces.

Inventory:

Armour
 a - a +0 robe (worn)
Scrolls
 c - a scroll of butterflies {unknown}
Potions
 b - a potion of magic


   Skills:
 + Level 2.5 Dodging
 - Level 1.4 Stealth
 + Level 3.3 Spellcasting
 + Level 1.4 Conjurations
 + Level 4.5 Fire Magic


You had 5 spell levels left.
You knew the following spells:

 Your Spells              Type           Power      Damage    Failure   Level
a - Foxfire               Conj/Fire      52%        2x1d6     4%          1
b - Scorch                Fire           38%        2d7       3%          2

Your spell library contained the following spells:

 Spells                   Type           Power      Damage    Failure   Level
 Conjure Flame            Conj/Fire      13%        6-21      14%         3
 Inner Flame              Hex/Fire       11%        N/A       19%         3
 Flame Wave               Conj/Fire      13%        2d6       41%         4
 Airstrike                Air            1%         2d(1-17)  83%         4
 Summon Lightning Spire   Summ/Air       3%         N/A       83%         4
 Lightning Bolt           Conj/Air       2%         1d14      97%         5


Dungeon Overview and Level Annotations

Branches:
Dungeon (4/15) Zot: 2110
 Temple: D:4-7

Altars:

Shops:
D:1 *


Innate Abilities, Weirdness & Mutations

You passively map a small area around you.
You are easily found by Zot.
You glow in the dark.
You regain HP and MP as you explore.


Message History

Casting: Foxfire (safe; 4% risk of failure)
Confirm with . or Enter, or press ? or * to list all spells.
You conjure some foxfire!
The foxfire hits the iguana but does no damage. x2
The foxfire hits the iguana but does no damage.
The foxfire hits the iguana but does no damage.
Casting: Foxfire (safe; 4% risk of failure)
Confirm with . or Enter, or press ? or * to list all spells.
You conjure some foxfire!
Casting: Foxfire (safe; 4% risk of failure)
Confirm with . or Enter, or press ? or * to list all spells.
You conjure some foxfire!
The foxfire hits the iguana but does no damage.
Casting: Foxfire (safe; 4% risk of failure)
Confirm with . or Enter, or press ? or * to list all spells.
Flames lash the iguana.
The iguana is moderately wounded.
The iguana's fire resistance burns away.
You hear a shout! x2
The foxfire hits the iguana.
The iguana is moderately wounded.
The foxfire hits the iguana.
The iguana is moderately wounded.
The foxfire hits the iguana.
The iguana is burned terribly!
The iguana is heavily wounded.
The iguana bites you!
Ouch! That really hurt!
Casting: Scorch (safe; 3% risk of failure)
Confirm with . or Enter, or press ? or * to list all spells.
You conjure some foxfire!
An orc comes into view. It is wielding a +0 club.
The iguana barely misses you.
You barely miss the iguana.
The iguana is heavily wounded.
The foxfire hits the iguana but does no damage.
The iguana is heavily wounded.
The foxfire hits the iguana.
The iguana is burned terribly!
The iguana is severely wounded.
The iguana bites you!
You die...

.. , * * , * *
.# .# , , .# *
* # * .#
###.###.######
, **
##.............
, .o....>@l# *
, , .#.#[#####
, , , * ,, * *


You could see an iguana (combustible) and an orc.

Vanquished Creatures
  An adder (D:2)
  2 orcs (D:3)
  4 endoplasms
  A goblin (D:1)
  2 hobgoblins
  4 jackals (D:3)
  2 kobolds (D:3)
  A rat (D:2)
17 creatures vanquished.

Vanquished Creatures (others)
  48 foxfires
48 creatures vanquished.

Grand Total: 65 creatures vanquished

Notes
Turn   | Place    | Note
-------+----------+-------------------------------------------
     0 | D:1      | hawla the Meteoran Fire Elementalist began the quest for
                  | the Orb.
     0 | D:1      | Reached XP level 1. HP: 14/14 MP: 5/5
     8 | D:1      | Found Zirenuh's General Store.
    71 | D:1      | Reached XP level 2. HP: 20/20 MP: 3/6
    76 | D:1      | Reached skill level 4 in Fire Magic
    76 | D:1      | Found a faded altar of an unknown god.
   123 | D:2      | Reached XP level 3. HP: 10/26 MP: 5/8
   126 | D:2      | Learned a level 2 spell: Scorch
   289 | D:4      | Slain by an iguana

Illustrated notes

Levels and vault maps discovered:
D:1:      saegor_arrival_simple_e, layout_loops_cross, serial_shops,
          nicolae_shop_advertising_works [nicolae_subvault_shop_adworks],
          ebering_ecumenical_altar_box
D:2:      layout_loops_ring, hangedman_decor_slide_cut,
          nicolae_underground_beach
D:3:      layout_loops_ring, mainiacjoe_overflow_six_doors_small
D:4:      layout_loops_ring, okawaru_trees_1, uniq_edmund

Skill      XL: |  1  2 |
---------------+-------+-----
Spellcasting   | 3 |  3.3
Fire Magic     | 4 |  4.5
Dodging        | |  2.5
Stealth        | |  1.4
Conjurations   | |  1.4

Action                   || total
-------------------------++-------
Melee: Unarmed           ||     9
 Cast: Foxfire           ||    27
       Scorch            ||     5
Armor: Robe              ||     3
Dodge: Dodged            ||     8
